 Dungeon Crawl Stone Soup version 0.28-a0-410-gbef64dd269 (webtiles) character file.

Game seed: 2919695138775938115

59 jasper the Stinger (level 3, -1/24 HPs)
             Began as a Demonspawn Venom Mage on Sept 6, 2021.
             Was a Follower of Uskayaw.
             Slain by a goblin (5 damage)
             ... led by Robin
             ... on level 1 of the Dungeon.
             The game lasted 00:03:39 (2396 turns).

jasper the Stinger (Demonspawn Venom Mage)          Turns: 2396, Time: 00:03:39

Health: -1/24      AC:  2    Str:  8    XL:     3   Next: 78%
Magic:  4/6        EV: 12    Int: 17    God:    Uskayaw [*.....]
Gold:   112        SH:  0    Dex: 13    Spells: 5/6 levels left

rFire   . . .      SeeInvis .   d - +0 mace (protect)
rCold   + . .      Faith    .   (no shield)
rNeg    . . .      Spirit   .   a - +0 robe
rPois   .          Reflect  .   (no helmet)
rElec   .          Harm     .   (no cloak)
rCorr   .          Rampage  .   (no gloves)
Will    .....                   (no boots)
Stlth   ++........              (no amulet)
HPRegen 0.08/turn               f - ring of protection from cold
MPRegen 0.10/turn               (no ring)

@: hasted, very quick
A: hooves 1, powered by pain 1
a: Renounce Religion, Stomp


You were on level 1 of the Dungeon.
You worshipped Uskayaw.
Uskayaw was noncommittal.
You visited 1 branch of the dungeon, and saw 2 of its levels.

You collected 112 gold pieces.

Inventory:

Hand Weapons
 b - a +0 mace
 d - a +0 mace of protection (weapon)
Missiles
 g - 15 stones
Armour
 a - a +0 robe (worn)
 e - a +0 kite shield
Jewellery
 f - a ring of protection from cold (left hand)
Scrolls
 h - a scroll of blinking
 i - a scroll of amnesia {unknown}
 j - 2 scrolls of identify {unknown}


   Skills:
 - Level 1.7 Dodging
 - Level 1.7 Stealth
 - Level 2.0 Spellcasting
 - Level 0.8 Transmutations
 + Level 4.8 Poison Magic


You had 5 spell levels left.
You knew the following spells:

 Your Spells              Type           Power      Damage    Failure   Level
a - Sting                 Tmut/Pois      44%        1d5       6%          1

Your spell library contained the following spells:

 Spells                   Type           Power      Damage    Failure   Level
 Poisonous Vapours        Pois/Air       18%        N/A       11%         2
 Olgreb's Toxic Radiance  Pois           18%        N/A       26%         4
 Mephitic Cloud           Conj/Pois/Air  7%         N/A       30%         3


Dungeon Overview and Level Annotations

Branches:
Dungeon (2/15)

Altars:
Uskayaw

Annotations:
D:1 Robin


Innate Abilities, Weirdness & Mutations

You have large cloven feet.
You sometimes gain a little power by taking damage.


Message History

Aiming: Sting (safe; 6% risk of failure)
Press: ? - help, Q - select action, (/) - cycle Shift-Dir - straight line, f - Robin
Aim: Robin, wielding a +0 dagger, wearing a +1 animal skin and wearing a +0 helmet (79% to hit)
The sting hits Robin but does no damage.
Robin is poisoned.
Robin throws the goblin at you! The goblin hits you with a +0 club.
You take 6 damage, and have 18/24 hp.
MASSIVE DAMAGE!!
You now have 5/6 mp.
Robin hits you with a +0 dagger. The goblin barely misses you.
You climb upwards.
There is a stone staircase leading down here.
You take 1 damage, and have 17/24 hp.
Aiming: Sting (safe; 6% risk of failure)
Press: ? - help, Q - select action, (/) - cycle Shift-Dir - straight line, f - Robin
Aim: Robin, wielding a +0 dagger, wearing a +1 animal skin and wearing a +0 helmet (lightly wounded, poisoned, 79% to hit)
The sting hits Robin.
Robin looks even sicker.
Robin is heavily wounded.
Robin roars a battlecry!
The goblin goes into a battle-frenzy!
The goblin misses you.
You now have 4/6 mp.
Aiming: Sting (safe; 6% risk of failure)
Press: ? - help, Q - select action, (/) - cycle Shift-Dir - straight line, f/p - Robin
Aim: Robin, wielding a +0 dagger, wearing a +1 animal skin and wearing a +0 helmet (heavily wounded, very poisoned, 79% to hit)
The sting hits Robin but does no damage.
Robin looks even sicker.
Robin is heavily wounded.
Robin hits you with a +0 dagger. The goblin hits you with a +0 club.
You take 6 damage, and have 11/24 hp.
MASSIVE DAMAGE!!
You now have 3/6 mp.
The goblin hits you but does no damage.
Robin drinks a potion.
Robin seems to grow stronger.
The goblin hits you with a +0 club.
* * * LOW HITPOINT WARNING * * *
You take 5 damage, and have 6/24 hp.
MASSIVE DAMAGE!!
Robin throws the goblin at you! The goblin hits you with a +0 club.
* * * LOW HITPOINT WARNING * * *
You take 3 damage, and have 4/24 hp.
It was a potion of haste.
You feel yourself speed up. The goblin closely misses you.
The goblin hits you with a +0 club.
You die...

## .##############
..............# .############.#
.# #.# .# #.# .# #.# ############
.# #####.########....##.....
.########.....g.@..........'.....
........)>†.....g.........##.....
####################......##.....
......#######.............##.....
#####.....................##.....
#########...........#########
#.).......#.##
######.######.##..# #......#
#.###.#


You could see Robin (strong, very poisoned) and a goblin (strong).

Vanquished Creatures
  2 adders (D:2)
  2 endoplasms (D:1)
  4 giant cockroaches (D:1)
  7 goblins
  7 hobgoblins
  3 jackals (D:1)
  3 ball pythons
  A bat (D:2)
  2 frilled lizards
  A kobold (D:2)
  4 rats (D:1)
36 creatures vanquished.

Notes
Turn   | Place    | Note
-------+----------+-------------------------------------------
     0 | D:1      | jasper the Demonspawn Venom Mage began the quest for the
                  | Orb.
     0 | D:1      | Reached XP level 1. HP: 13/13 MP: 3/3
   295 | D:1      | Gained mutation: You have large cloven feet. [demonic
                  | ancestry]
   295 | D:1      | Reached XP level 2. HP: 19/19 MP: 0/5
   465 | D:1      | Found a faded altar of an unknown god.
   471 | D:1      | Became a worshipper of Uskayaw the Reveller
   471 | D:1      | Reached * piety under Uskayaw
  1180 | D:1      | Reached skill level 4 in Poison Magic
  1829 | D:2      | Gained mutation: You sometimes gain a little power by
                  | taking damage. [demonic ancestry]
  1829 | D:2      | Reached XP level 3. HP: 24/24 MP: 1/6
  1940 | D:2      | Reached ** piety under Uskayaw
  2104 | D:2      | Noticed Robin
  2396 | D:1      | Slain by a goblin

Illustrated notes

Levels and vault maps discovered:
D:1:      zelgadis_glass_arrival_small, layout_basic,
          ebering_ecumenical_altar_sacrificial
D:2:      layout_basic, uniq_robin

Skill      XL: |  1  2 |
---------------+-------+-----
Poison Magic   | 4 |  4.8
Dodging        | |  1.7
Stealth        | |  1.7
Spellcasting   | |  2.0
Transmutations | |  0.8

Action                   || total
-------------------------++-------
Melee: Mace              ||    14
       Kick              ||     3
 Cast: Sting             ||    59
  Use: Scroll            ||     2
       Potion            ||     1
Armor: Robe              ||     5
Dodge: Dodged            ||    29

Table legend: (Time is in decaauts)
 A = Elapsed time spent in this place.
 B = Non-inter-level travel time spent in this place.
 C = Inter-level travel time spent in this place.
 D = Time resting spent in this place.
 E = Time spent auto-exploring this place.
 F = Levels seen in this place.
 G = Mean time per level.
                   A        B        C        D        E       F      G
               +--------+--------+--------+--------+--------+-----+--------+
         Total |   2403 |   2334 |     69 |    500 |   1516 |   2 | 1201.5 |
       Dungeon |   2403 |   2334 |     69 |    500 |   1516 |   2 | 1201.5 |
               +--------+--------+--------+--------+--------+-----+--------+

Top non-repeatable levels by time:
     D:1: 1783 daAuts
     D:2: 619 daAuts
